 Dungeon Crawl Stone Soup version 0.27-a0-1322-gfdffb62a71 (webtiles) character file.

Game seed: 13665416901130544031

463 sanka the Insei (level 7, 0/46 HPs)
             Began as an Octopode Monk on June 22, 2021.
             Slain by a phantom (4 damage)
             ... on level 5 of the Dungeon.
             The game lasted 00:08:20 (5408 turns).

sanka the Insei (Octopode Monk)                     Turns: 5408, Time: 00:08:20

Health: 0/46       AC:  1    Str: 17    XL:     7   Next: 7%
Magic:  7/7        EV: 14    Int: 18    God:
Gold:   285        SH:  0    Dex: 16    Spells: 6/6 levels left

rFire    . . .     SeeInvis +     - Unarmed
rCold    . . .     Faith    .   (no shield)
rNeg     . . .     Spirit   .   (helmet restricted)
rPois    .         Reflect  .   (no amulet)
rElec    .         Harm     .   e - +6 ring of intelligence
rCorr    .         Rampage  .   g - +6 ring of strength
Will     .....                  n - ring of see invisible
Stlth    +++.......             (no ring)
HPRegen  0.15/turn              (no ring)
MPRegen  0.10/turn              (no ring)
                                (no ring)
                                (no ring)

@: no status effects
A: almost no armour, amphibious, 8 rings, camouflage 1, gelatinous body 1,
(nimble swimmer 1), tentacles
a: no special abilities


You were on level 5 of the Dungeon.
You visited 1 branch of the dungeon, and saw 5 of its levels.
You also visited: Ossuary.

You collected 285 gold pieces.


Innate Abilities, Weirdness & Mutations

You cannot wear most types of armour.
You are amphibious.
You can wear up to eight rings at the same time.
Your skin changes colour to match your surroundings (Stealth+).
Your rubbery body absorbs attacks. (AC +1, EV +1)
((You are camouflaged near water. (Stealth+)))
You have tentacles for arms and can constrict up to eight enemies at once.


   Skills:
 - Level 3.0 Fighting
 - Level 3.0 Dodging
 - Level 2.6 Stealth
 + Level 7.8 Unarmed Combat


You had 6 spell levels left.
You didn't know any spells.
Your spell library contained the following spells:

 Spells                   Type           Power      Damage    Failure   Level
 Corona                   Hex            0%         N/A       22%         1
 Ensorcelled Hibernation  Hex/Ice        0%         N/A       32%         2
 Confusing Touch          Hex            0%         N/A       54%         3
 Dazzling Flash           Conj/Hex       0%         N/A       54%         3
 Tukima's Dance           Hex            0%         N/A       54%         3

Inventory:

Jewellery
 e - a +6 ring of intelligence (left tentacle)
 f - a ring of ice
 g - a +6 ring of strength (right tentacle)
 n - a ring of see invisible (on tentacle)
Wands
 o - a wand of acid (6)
Scrolls
 a - a scroll of identify {unknown}
 b - a scroll of enchant weapon
 d - a scroll of blinking {unknown}
 h - a scroll of enchant armour
 m - a scroll of magic mapping {unknown}
 p - a scroll of amnesia {unknown}
Potions
 c - 3 potions of flight {unknown}
 i - 3 potions of resistance {unknown}
 j - a potion of ambrosia {unknown}
 k - a potion of curing {unknown}
 l - 2 potions of invisibility {unknown}

Dungeon Overview and Level Annotations

Branches:
Dungeon (5/15)            Ossuary (visited)
 Temple: D:4-7

Altars:
Elyvilon
Makhleb
Wu Jian
Yredelemnul
Zin

Shops:
D:4

*[[ .. .▒▒▒▒▒
....▒...▒ ..
▒▒+▒.▒.▒.▒.▒▒▒▒▒ ..
▒xW..▒.▒.▒....<▒
▒.▒▒▒....+.▒.▒▒▒▒▒▒▒
.▒▒........▒.▒.▒
...........▒.▒.▒
.............▒.▒
▒..........▒.▒.▒
▒n........<....▒
▒...▒........▒▒▒ ▒
.............


You could see a phantom.


Message History

You squeeze the phantom!
The phantom is severely damaged.
The phantom hits you.
* * * LOW HITPOINT WARNING * * *
The phantom blinks!
You blink.
Found 24 stones and 6 gold pieces.
A necrophage comes into view.
You tentacle-slap the phantom but do no damage.
You squeeze the phantom.
The phantom is almost destroyed.
The phantom hits you.
* * * LOW HITPOINT WARNING * * *
The phantom blinks!
You blink.
The necrophage moves out of view.
You miss the phantom.
The phantom is almost destroyed.
The phantom hits you.
* * * LOW HITPOINT WARNING * * *
You tentacle-slap the phantom.
The phantom is almost destroyed.
You closely miss the phantom.
The phantom is almost destroyed.
The phantom hits you.
* * * LOW HITPOINT WARNING * * *
You miss the phantom.
The phantom is almost destroyed.
The phantom hits you.
You die...

Action                   |  1- 3 |  4- 6 |  7- 9 || total
-------------------------+-------+-------+-------++-------
Melee: Unarmed           |    78 |   193 |    12 ||   283
       Constrict         |    18 |    53 |       ||    71
       Tentacles         |    10 |    52 |     4 ||    66
       Punch             |     3 |     9 |       ||    12
  Use: Scroll            |       |       |     2 ||     2
 Stab: Sleeping          |     9 |    10 |       ||    19
       Distracted        |       |     1 |       ||     1
Armor: Skin              |     8 |    12 |       ||    20
Dodge: Dodged            |    47 |    78 |     1 ||   126

Levels and vault maps discovered:
D:1:      heliophobic_arrival_glass_houses, layout_rooms, minmay_vboxes
D:2:      layout_basic
D:3:      layout_loops_corners, lemuel_round_altar,
          chequers_ecumenical_altar_simple, chequers_serial_rivers_marsh
D:4:      layout_cave_pods, kennysheep_ying_yang, lemuel_doored_altar,
          zin_academy, serial_shops, nicolae_square_shop, nicolae_diamond_shop,
          nicolae_square_shop, nicolae_ossuary_entry_giza, serial_glass,
          glass_columns_a, glass_columns_a
D:5:      layout_basic, lemuel_tele_altar, nemelex_dance_club_becter

Notes
Turn   | Place    | Note
-------+----------+-------------------------------------------
     0 | D:1      | sanka the Octopode Monk began the quest for the Orb.
     0 | D:1      | Reached XP level 1. HP: 16/16 MP: 1/1
   313 | D:1      | Reached XP level 2. HP: 16/21 MP: 2/2
   807 | D:1      | Reached skill level 4 in Unarmed Combat
   974 | D:1      | Reached XP level 3. HP: 26/26 MP: 3/3
  1529 | D:2      | Reached XP level 4. HP: 31/31 MP: 4/4
  1800 | D:2      | Reached skill level 5 in Unarmed Combat
  2457 | D:3      | Found a faded altar of an unknown god.
  2547 | D:3      | Noticed an ogre
  3132 | D:3      | Found an ornate altar of the Wu Jian Council.
  3290 | D:4      | Noticed a phantom
  3309 | D:4      | Found a glowing silver altar of Zin.
  3369 | D:4      | Found a burning altar of Makhleb.
  3432 | D:4      | Found a basalt altar of Yredelemnul.
  3469 | D:4      | Found a sand-covered staircase.
  3474 | D:4      | Reached XP level 5. HP: 28/36 MP: 5/5
  3542 | Ossuary  | Entered an ossuary
  3765 | Ossuary  | Reached skill level 6 in Unarmed Combat
  4062 | Ossuary  | Reached XP level 6. HP: 32/42 MP: 6/6
  4181 | Ossuary  | Reached skill level 7 in Unarmed Combat
  4294 | D:4      | Found Anwyuk's Armour Shoppe.
  4301 | D:4      | Found Rovad's Antique Armour Shop.
  4506 | D:4      | Found Usiovaudea's Assorted Antiques.
  4883 | D:4      | Found a white marble altar of Elyvilon.
  5006 | D:4      | Reached XP level 7. HP: 26/46 MP: 7/7
  5367 | D:5      | Entered Level 5 of the Dungeon
  5407 | D:5      | HP: 4/46 [phantom (6)]
  5408 | D:5      | Slain by a phantom

Vanquished Creatures
  A phantom (D:4)
  An elf zombie (Ossuary)
  2 human zombies (Ossuary)
  2 orc wizards (D:4)
  3 mummies
  5 adders
  A howler monkey skeleton (D:4)
  3 adder zombies (Ossuary)
  2 worms
  2 dart slugs (D:1)
  2 orcs (D:4)
  5 endoplasms
  3 giant cockroaches
  5 goblins
  6 hobgoblins
  15 jackals
  4 quokkas
  A ball python (D:1)
  6 bats
  5 frilled lizards
  3 goblin zombies
  10 hobgoblin zombies (Ossuary)
  A jackal zombie (Ossuary)
  4 kobolds
  6 kobold zombies (Ossuary)
  11 orc zombies
  3 rats
  A rat zombie (Ossuary)
113 creatures vanquished.
